AoeStats
← Sir Well-Endowed

Arena

508150945Analyzed
3v3 RM · 12d ago on Sep 21, 2026· 40m 48s· 6 players
Game mode
Random Map
Map size
Normal (6 player)
Population
200
Speed
Normal
Resources
Standard
Victory
Conquest
Starting age
Dark Age
Ending age
Imperial Age
RankedLock teamsTeams togetherTeam positionsShared explorationLock speedFull tech treeHidden civsTurbo modeCheats
Victory
Defeat
🇦🇺 Malay · Australia
1380
+11
🇨🇦 Jurchens · Canada
1287
+14
🇨🇦 Sicilians · Canada
1245
+16
🇦🇷 Burmese · Argentina
1335
-16
🇦🇷 Poles · Argentina
1320
-16
🇦🇷 Persians · Argentina
1115
-9
Hurut
9:09 Feudal Age
11:04 Loom
13:43 Castle Age
11:48 Gold Mining
15:59 Fervor
16:10 Sanctity
17:56 Redemption
28:24 Imperial Age
26:01 Stone Mining
29:16 Atonement
32:54 Theocracy
32:34 Block Printing
32:45 Illumination
Parish1212
9:50 Feudal Age
13:56 Wheelbarrow
14:39 Forging
19:17 Castle Age
20:28 Forging
20:24 Scale Barding Armor
22:56 Loom
23:55 Hand Cart
26:08 Gold Mining
26:06 Double-Bit Axe
38:05 Husbandry
38:16 Bloodlines
39:17 Bow Saw
Lehel_Kurt
8:55 Loom
10:42 Feudal Age
11:45 Double-Bit Axe
14:25 Fletching
21:06 Castle Age
19:07 Horse Collar
25:18 Loom
26:09 Wheelbarrow
25:52 Bow Saw
30:35 Heavy Plow
31:31 Hand Cart
36:28 Imperial Age
34:52 Szlachta Privileges
35:18 Bloodlines
35:21 Scale Barding Armor
34:49 Light Cavalry
35:30 Husbandry
35:59 Forging
36:46 Cavalier
38:43 Crop Rotation
Sir Well-Endowed
4:55 Loom
10:08 Feudal Age
10:45 Double-Bit Axe
10:41 Horse Collar
14:17 Fletching
19:53 Wheelbarrow
21:33 Scale Mail Armor
25:59 Castle Age
24:33 Stone Mining
27:20 Bow Saw
27:12 Heavy Plow
27:36 Chain Mail Armor
26:50 Pikeman
28:02 Hand Cart
27:50 Gold Mining
30:02 Bodkin Arrow
30:19 Town Watch
33:37 Forging
36:48 Imperial Age
35:13 Iron Casting
35:52 Murder Holes
36:22 First Crusade
38:19 Plate Mail Armor
38:50 Blast Furnace
38:22 Ballistics
38:28 Arson
38:44 Squires
38:44 Elite Serjeant
40:34 Bracer
40:23 Arrowslits
Emperor Lung Wang
10:12 Feudal Age
11:58 Loom
15:29 Castle Age
14:19 Double-Bit Axe
14:15 Horse Collar
15:04 Gold Mining
21:11 Scale Mail Armor
27:48 Bow Saw
29:23 Chain Mail Armor
30:33 Wheelbarrow
37:27 Imperial Age
35:18 Squires
35:30 Forging
35:53 Scale Barding Armor
35:17 Pikeman
36:00 Padded Archer Armor
37:21 Leather Archer Armor
37:27 Hand Cart
38:31 Leather Archer Armor
37:49 Halberdier
38:16 Capped Ram
40:12 Siege Engineers
Lalo Salamanca
12:42 Feudal Age
14:22 Feudal Age
14:53 Double-Bit Axe
14:52 Horse Collar
17:17 Castle Age
22:20 Bow Saw
24:42 Gold Mining
25:02 Heavy Plow
25:37 Forging
26:43 Wheelbarrow
25:58 Loom
25:58 Town Watch
31:53 Imperial Age
30:04 Sanctity
30:33 Iron Casting
30:49 Gold Shaft Mining
31:04 Stone Mining
32:24 Blast Furnace
32:05 Illumination
31:55 Block Printing
35:48 Conscription
34:59 Elite Karambit Warrior
40:11 Hand Cart
Connection lost

Rejoining the realm…

Still unreachable

The connection could not be restored.

Session expired

The server has moved on; the page needs a fresh start.